[Event "XIV American Continental-ch 2019"]
[Site "Sao Paulo"]
[Date "2019.07.08"]
[Round "5.16"]
[White "Santiago, Yago De Moura"]
[Black "Pereira, Silvio Cunha"]
[Result "1/2-1/2"]
[ECO "A45"]
[WhiteElo "2473"]
[BlackElo "2220"]
[Annotator "ChessBase"]
[PlyCount "52"]
[EventDate "2019.07.05"]
[EventType "swiss"]
[EventCountry "BRA"]
[SourceTitle "playchess.com"]
[Source "ChessBase"]
[SourceQuality "1"]
[TimeControl "40/5400+30:1800+30"]

1. d4 Nf6 2. Nc3 d5 3. Bf4 a6 4. e3 c5 5. dxc5 Qa5 6. Bxb8 Rxb8 7. Qd4 b6 8. Qf4 Ra8 9. Qa4+ Bd7 10. Qxa5 bxa5 11. a3 Rb8 12. O-O-O e6 13. Bxa6 Bxc5 14. Nf3 Rb6 15. Bd3 Ke7 16. Ne5 Be8 17. h3 Bd6 18. Nf3 Bd7 19. a4 Rc8 20. Nd4 g6 21. Bb5 Rxc3 22. bxc3 Ne4 23. f4 Ba3+ 24. Kb1 Nxc3+ 25. Ka1 Nxd1 26. Rxd1 Bc5 1/2-1/2

[Event "XIV American Continental-ch 2019"]
[Site "Sao Paulo"]
[Date "2019.07.08"]
[Round "5.17"]
[White "Matsuura, Everaldo"]
[Black "Fernandez, Maria Florencia"]
[Result "1-0"]
[ECO "E81"]
[WhiteElo "2459"]
[BlackElo "2220"]
[Annotator "ChessBase"]
[PlyCount "70"]
[EventDate "2019.07.05"]
[EventType "swiss"]
[EventCountry "BRA"]
[SourceTitle "playchess.com"]
[Source "ChessBase"]
[SourceQuality "1"]
[TimeControl "40/5400+30:1800+30"]

1. e4 d6 2. d4 Nf6 3. f3 g6 4. c4 Bg7 5. Nc3 O-O 6. Bg5 c5 7. d5 h6 8. Be3 e6 9. Qd2 exd5 10. cxd5 Kh7 11. Nge2 Nbd7 12. Ng3 a6 13. a4 Qa5 14. Be2 b5 15. O-O b4 16. Nd1 Re8 17. Nf2 h5 18. Nh3 Ne5 19. Ng5+ Kg8 20. h3 Ned7 21. Nh1 Nf8 22. Nf2 N8h7 23. Nxh7 Kxh7 24. Bf4 Qd8 25. Nd1 Qe7 26. Ne3 Nd7 27. Nc4 Ne5 28. Nb6 Ra7 29. Bg5 f6 30. Be3 Nd7 31. Nxc8 Rxc8 32. Rae1 Re8 33. f4 f5 34. Bd3 fxe4 35. Bxe4 Qf7 1-0

[Event "XIV American Continental-ch 2019"]
[Site "Sao Paulo"]
[Date "2019.07.08"]
[Round "5.18"]
[White "Garcia Cardenas, Pablo"]
[Black "Terao, Juliana Sayumi"]
[Result "1/2-1/2"]
[ECO "D37"]
[WhiteElo "2443"]
[BlackElo "2213"]
[Annotator "NA"]
[PlyCount "73"]
[EventDate "2019.07.05"]
[EventType "swiss"]
[EventCountry "BRA"]
[SourceTitle "playchess.com"]
[Source "ChessBase"]
[SourceQuality "1"]
[TimeControl "40/5400+30:1800+30"]

1. d4 Nf6 2. c4 e6 3. Nc3 d5 4. Nf3 a6 5. cxd5 exd5 6. Bg5 Be6 7. e3 Nbd7 8. Bd3 Bd6 9. O-O c6 10. Rc1 h6 11. Bf4 Qc7 12. Bxd6 Qxd6 13. Qc2 O-O 14. Na4 Qc7 15. h3 Rfe8 16. Nd2 Nb6 17. Nc5 a5 18. a3 Nc8 19. b4 Nd6 20. Nxe6 Rxe6 21. b5 Nde4 22. Bxe4 dxe4 23. Qb1 Rae8 24. bxc6 Rxc6 25. Rxc6 Qxc6 26. Rc1 Qa4 27. Qxb7 Qxa3 28. Rc7 Qa2 29. Nc4 Rf8 30. Rc8 Rxc8 31. Qxc8+ Kh7 32. d5 a4 33. d6 a3 34. Qf5+ Kg8 35. Qc8+ Kh7 36. Qf5+ Kg8 37. Qc8+ 1/2-1/2

[Event "XIV American Continental-ch 2019"]
[Site "Sao Paulo"]
[Date "2019.07.09"]
[Round "5.19"]
[White "Albuquerque Junior, Wellington S."]
[Black "Languidey, Simon Alejandro"]
[Result "0-1"]
[ECO "D55"]
[WhiteElo "2204"]
[BlackElo "2427"]
[Annotator "RC"]
[PlyCount "96"]
[EventDate "2019.07.05"]
[EventType "swiss"]
[EventCountry "BRA"]
[SourceTitle "playchess.com"]
[Source "ChessBase"]
[SourceQuality "1"]
[TimeControl "40/5400+30:1800+30"]

1. d4 e6 2. Nf3 Nf6 3. c4 d5 4. Nc3 Be7 5. Bg5 O-O 6. e3 b6 7. cxd5 exd5 8. Bd3 Bb7 9. Qc2 Nbd7 10. O-O h6 11. Bh4 a6 12. Rac1 Re8 13. Ne2 Bd6 14. Bh7+ Kh8 15. Bf5 c6 16. Bxd7 Qxd7 17. Bxf6 gxf6 18. Ng3 Rg8 19. Qf5 Qxf5 20. Nxf5 Bf8 21. N3h4 Kh7 22. Rc3 a5 23. Rfc1 Bb4 24. R3c2 Rgc8 25. Nf3 Bf8 26. Ne1 c5 27. Nd3 c4 28. Nf4 b5 29. Ng3 Ra6 30. Nge2 Rd8 31. f3 Bc6 32. Kf2 Be7 33. g4 Bf8 34. h3 Bb7 35. Rg1 b4 36. h4 a4 37. g5 fxg5 38. hxg5 a3 39. bxa3 Rxa3 40. g6+ fxg6 41. Rxg6 Rd6 42. Rxd6 Bxd6 43. Rb2 Bc6 44. Nh5 Kg6 45. Nef4+ Kf7 46. Re2 c3 47. e4 Bb5 48. Rc2 Ba4 0-1

[Event "XIV American Continental-ch 2019"]
[Site "Sao Paulo"]
[Date "2019.07.09"]
[Round "5.20"]
[White "Labussiere, Victor"]
[Black "Umetsubo, Cesar Hidemitsu"]
[Result "0-1"]
[ECO "E17"]
[WhiteElo "2194"]
[BlackElo "2406"]
[Annotator "RC"]
[PlyCount "124"]
[EventDate "2019.07.05"]
[EventType "swiss"]
[EventCountry "BRA"]
[SourceTitle "playchess.com"]
[Source "ChessBase"]
[SourceQuality "1"]
[TimeControl "40/5400+30:1800+30"]

1. d4 Nf6 2. c4 e6 3. Nf3 b6 4. g3 Bb7 5. Bg2 Be7 6. O-O O-O 7. Re1 d6 8. Nc3 Ne4 9. Qc2 f5 10. Nd2 d5 11. cxd5 exd5 12. Nf3 Nd7 13. Qb3 c6 14. Nd2 Bf6 15. e3 Kh8 16. f3 Nd6 17. f4 Ne4 18. Nf3 Be7 19. Ne2 a5 20. Bd2 Ba6 21. Qd1 Rc8 22. Bf1 Qe8 23. Nc1 Bxf1 24. Rxf1 c5 25. Nd3 c4 26. Nde5 Bd6 27. a4 Ndf6 28. Bc3 Kg8 29. Qe2 Ra8 30. Qe1 Bc7 31. Qe2 b5 32. axb5 Qxb5 33. Ng5 Nxg5 34. fxg5 Ne4 35. g4 Bxe5 36. dxe5 Nxc3 37. bxc3 Qe8 38. gxf5 Qxe5 39. Qf3 a4 40. Rad1 Rad8 41. Ra1 Ra8 42. Rad1 Ra5 43. Rd2 a3 44. Rff2 Qxc3 45. f6 Qa1+ 46. Kg2 Qe5 47. h4 c3 48. Rc2 gxf6 49. gxf6 Qe4 50. Qxe4 dxe4 51. Rf1 a2 52. Ra1 Rb8 53. Rcc1 Rb2+ 54. Kf1 c2 55. Ke2 Rb1 56. Kd2 Rd5+ 57. Kc3 Rxa1 58. Rxa1 Rd1 59. f7+ Kxf7 60. Kxc2 Rxa1 61. Kb2 Rb1+ 62. Kxa2 Rb8 0-1

[Event "XIV American Continental-ch 2019"]
[Site "Sao Paulo"]
[Date "2019.07.08"]
[Round "5.21"]
[White "Sarkar, Justin"]
[Black "Bueno, Alfeu Junior Varela"]
[Result "1-0"]
[ECO "A85"]
[WhiteElo "2389"]
[BlackElo "2169"]
[Annotator "NA RC"]
[PlyCount "89"]
[EventDate "2019.07.05"]
[EventType "swiss"]
[EventCountry "BRA"]
[SourceTitle "playchess.com"]
[Source "ChessBase"]
[SourceQuality "1"]
[TimeControl "40/5400+30:1800+30"]

1. d4 f5 2. c4 Nf6 3. Nc3 g6 4. g3 Bg7 5. Bg2 d6 6. Nh3 c6 7. d5 O-O 8. Nf4 e5 9. dxe6 Qe7 10. h4 Bxe6 11. h5 gxh5 12. Qc2 Nbd7 13. b3 Ne5 14. Ba3 Rad8 15. O-O-O Ng6 16. Nxh5 Nxh5 17. Rxh5 Rf7 18. f4 Qc7 19. Rd3 Qa5 20. Bb2 b5 21. cxb5 cxb5 22. Kb1 Rc7 23. Qd2 Rdc8 24. Bd5 Bxd5 25. Nxd5 Rc2 26. Qxc2 Rxc2 27. Kxc2 Qxa2 28. Nc3 Qa6 29. Kb1 Ne7 30. Nd5 Ng6 31. Rxf5 Bxb2 32. Kxb2 Qc8 33. Rg5 Kh8 34. f5 Qd8 35. f6 b4 36. Re3 Kg8 37. Rf5 Ne5 38. f7+ Kf8 39. Nxb4 Qb6 40. Re4 Nxf7 41. Ref4 Qe3 42. Rxf7+ Ke8 43. Rf8+ Kd7 44. R4f7+ Ke6 45. Re8+ {[%emt 0:00:09] Kd5} 1-0

[Event "XIV American Continental-ch 2019"]
[Site "Sao Paulo"]
[Date "2019.07.08"]
[Round "5.22"]
[White "Palacio, Igor Da Paz"]
[Black "Hernandez Sanchez, Jairo Andres"]
[Result "0-1"]
[ECO "A04"]
[WhiteElo "2098"]
[BlackElo "2387"]
[Annotator "NA"]
[PlyCount "82"]
[EventDate "2019.07.05"]
[EventType "swiss"]
[EventCountry "BRA"]
[SourceTitle "playchess.com"]
[Source "ChessBase"]
[SourceQuality "1"]
[TimeControl "40/5400+30:1800+30"]

1. Nf3 g6 2. g3 Bg7 3. Bg2 c5 4. d3 Nc6 5. e4 d6 6. O-O e5 7. Nc3 Nge7 8. Nd2 O-O 9. Nc4 Be6 10. Ne3 h6 11. Ncd5 f5 12. Nxe7+ Nxe7 13. exf5 gxf5 14. f4 exf4 15. gxf4 d5 16. Kh1 Ng6 17. c4 dxc4 18. dxc4 Qxd1 19. Rxd1 Nxf4 20. Bxb7 Rab8 21. Bf3 Nh3 22. Kg2 Ng5 23. Bd5 f4 24. Bxe6+ Nxe6 25. Nd5 Bxb2 26. Rb1 f3+ 27. Kf2 Bd4+ 28. Be3 Bxe3+ 29. Kxe3 Rbe8 30. Kf2 Ng5 31. Nc3 Rf4 32. Nd5 Re2+ 33. Kg3 Rf8 34. Nf4 Re4 35. Ng6 Rf6 36. Rd7 Nf7 37. Rb8+ Kg7 38. Nh8 f2 39. Nxf7 Re3+ 40. Kg4 Rxf7 41. Rxf7+ Kxf7 0-1

[Event "XIV American Continental-ch 2019"]
[Site "Sao Paulo"]
[Date "2019.07.08"]
[Round "5.23"]
[White "Fernandez Reyes, Lisandro"]
[Black "Carvalho, Herbert Abreu"]
[Result "1-0"]
[ECO "B13"]
[WhiteElo "2378"]
[BlackElo "2089"]
[Annotator "NA"]
[PlyCount "105"]
[EventDate "2019.07.05"]
[EventType "swiss"]
[EventCountry "BRA"]
[SourceTitle "playchess.com"]
[Source "ChessBase"]
[SourceQuality "1"]
[TimeControl "40/5400+30:1800+30"]

1. e4 c6 2. d4 d5 3. exd5 cxd5 4. Bd3 Nc6 5. c3 g6 6. h3 Bg7 7. Nf3 Nf6 8. O-O Bf5 9. Bxf5 gxf5 10. Bf4 e6 11. Ne1 Ne7 12. Nd3 Ng6 13. Bg5 Qd6 14. Qa4+ Qd7 15. Qxd7+ Nxd7 16. Nd2 h6 17. Be3 O-O-O 18. a4 Bf8 19. c4 Nf6 20. c5 Ne4 21. Nf3 f6 22. b4 Be7 23. b5 Ng5 24. Nd2 Rdg8 25. Kh1 e5 26. f4 Ne4 27. Nxe4 fxe4 28. Nb4 Rd8 29. a5 Rhg8 30. a6 exf4 31. axb7+ Kxb7 32. Nc6 Ra8 33. Bxf4 h5 34. Be3 Bd8 35. Rf5 Bc7 36. Rxh5 a6 37. Na5+ Bxa5 38. Rxa5 axb5 39. Rxb5+ Kc8 40. Rb2 Ra1+ 41. Kh2 Re1 42. Bf2 Rf1 43. Bg3 Nf4 44. Rh4 Rxg3 45. Kxg3 Nd3 46. Ra2 Kb7 47. Rh7+ Kc6 48. Ra6+ Kb5 49. Rb6+ Kc4 50. c6 Kxd4 51. c7 Rc1 52. Rb8 e3 53. Rh4+ 1-0

[Event "XIV American Continental-ch 2019"]
[Site "Sao Paulo"]
[Date "2019.07.08"]
[Round "5.24"]
[White "Cordero, Daniela"]
[Black "Barbosa, Evandro Amorim"]
[Result "0-1"]
[ECO "D73"]
[WhiteElo "2076"]
[BlackElo "2506"]
[Annotator "RC"]
[PlyCount "62"]
[EventDate "2019.07.05"]
[EventType "swiss"]
[EventCountry "BRA"]
[SourceTitle "playchess.com"]
[Source "ChessBase"]
[SourceQuality "1"]
[TimeControl "40/5400+30:1800+30"]

1. d4 Nf6 2. Nf3 g6 3. c4 Bg7 4. g3 d5 5. Bg2 dxc4 6. Qa4+ Nfd7 7. Qxc4 Nb6 8. Qc2 Nc6 9. e3 Bf5 10. Qb3 Be6 11. Qd1 Bc4 12. Na3 Ba6 13. Bd2 O-O 14. b4 Bd3 15. Qb3 Be4 16. b5 Nb8 17. O-O N8d7 18. Rfd1 a6 19. Ne1 Bxg2 20. Kxg2 axb5 21. Nxb5 c6 22. Nc3 e5 23. a4 exd4 24. exd4 Nf6 25. a5 Nbd5 26. Qxb7 Nxc3 27. Bxc3 Qd5+ 28. Kg1 Rfb8 29. Qe7 Ne4 30. Bd2 Re8 31. Qc7 Nxf2 0-1

[Event "XIV American Continental-ch 2019"]
[Site "Sao Paulo"]
[Date "2019.07.09"]
[Round "6.1"]
[White "Pichot, Alan"]
[Black "Supi, Luis Paulo"]
[Result "1/2-1/2"]
[ECO "C88"]
[WhiteElo "2579"]
[BlackElo "2562"]
[Annotator "ChessBase"]
[PlyCount "58"]
[EventDate "2019.07.05"]
[EventType "swiss"]
[EventCountry "BRA"]
[SourceTitle "playchess.com"]
[Source "ChessBase"]
[SourceQuality "1"]
[TimeControl "40/5400+30:1800+30"]

1. e4 e5 2. Nf3 Nc6 3. Bb5 a6 4. Ba4 Nf6 5. O-O Be7 6. Re1 b5 7. Bb3 d6 8. a4 Bg4 9. c3 O-O 10. h3 Bxf3 11. Qxf3 Na5 12. Bc2 c5 13. d3 b4 14. Nd2 Rb8 15. Qd1 d5 16. d4 bxc3 17. bxc3 cxd4 18. cxd4 Nc6 19. dxe5 Nxe5 20. exd5 Qxd5 21. Nf1 Qa5 22. Bf4 Rbd8 23. Qc1 Bd6 24. Bd2 Qc7 25. Bg5 Ng6 26. Bxg6 hxg6 27. Qxc7 Bxc7 28. Rac1 Rc8 29. g3 Ba5 1/2-1/2

[Event "XIV American Continental-ch 2019"]
[Site "Sao Paulo"]
[Date "2019.07.09"]
[Round "6.3"]
[White "Perez Ponsa, Federico"]
[Black "Fier, Alexandr"]
[Result "1/2-1/2"]
[ECO "B48"]
[WhiteElo "2560"]
[BlackElo "2547"]
[Annotator "ChessBase"]
[PlyCount "47"]
[EventDate "2019.07.05"]
[EventType "swiss"]
[EventCountry "BRA"]
[SourceTitle "playchess.com"]
[Source "ChessBase"]
[SourceQuality "1"]
[TimeControl "40/5400+30:1800+30"]

1. e4 c5 2. Nf3 e6 3. d4 cxd4 4. Nxd4 Nc6 5. Nc3 Qc7 6. Be3 a6 7. Qd2 Nf6 8. f4 Bb4 9. Bd3 b5 10. a3 Be7 11. e5 Ng4 12. Nxc6 dxc6 13. Ne4 Nxe3 14. Qxe3 Bb7 15. O-O-O O-O-O 16. Ng5 Bxg5 17. fxg5 Rd5 18. Rhf1 Rxe5 19. Qg3 Rf8 20. Bxh7 Rd5 21. Qxc7+ Kxc7 22. h4 Rxd1+ 23. Kxd1 c5 24. g3 1/2-1/2

[Event "XIV American Continental-ch 2019"]
[Site "Sao Paulo"]
[Date "2019.07.09"]
[Round "6.4"]
[White "Quintiliano Pinto, Renato R."]
[Black "Leitao, Rafael"]
[Result "1-0"]
[ECO "A17"]
[WhiteElo "2443"]
[BlackElo "2616"]
[Annotator "RC"]
[PlyCount "83"]
[EventDate "2019.07.05"]
[EventType "swiss"]
[EventCountry "BRA"]
[SourceTitle "playchess.com"]
[Source "ChessBase"]
[SourceQuality "1"]
[TimeControl "40/5400+30:1800+30"]

1. Nf3 Nf6 2. c4 e6 3. Nc3 Bb4 4. Qc2 O-O 5. a3 Bxc3 6. Qxc3 d6 7. d4 Nbd7 8. e3 b6 9. Be2 Bb7 10. b4 Ne4 11. Qc2 f5 12. Bb2 Qe8 13. O-O Qg6 14. Rad1 Rae8 15. Qa4 Ndf6 16. Qxa7 Rb8 17. d5 exd5 18. cxd5 Qf7 19. Bxf6 Qxf6 20. Ba6 Bxa6 21. Qxa6 Ra8 22. Qc4 Qc3 23. Rc1 Qxc4 24. Rxc4 Rxa3 25. Rxc7 Nc3 26. Rc6 Nxd5 27. Rxd6 Nxb4 28. Rxb6 Nd5 29. Rd6 Nf6 30. g3 g6 31. Rb1 Ra7 32. Ng5 Re7 33. Rb4 Ne8 34. Rc6 Rf6 35. Rc8 h6 36. Nf3 Kf7 37. Rbb8 Nd6 38. Rf8+ Kg7 39. Rg8+ Kh7 40. Rh8+ Kg7 41. Rbg8+ Kf7 42. Rf8+ 1-0

[Event "XIV American Continental-ch 2019"]
[Site "Sao Paulo"]
[Date "2019.07.09"]
[Round "6.5"]
[White "Languidey, Simon Alejandro"]
[Black "Gonzalez Vidal, Yuri"]
[Result "0-1"]
[ECO "C45"]
[WhiteElo "2427"]
[BlackElo "2547"]
[Annotator "RC"]
[PlyCount "142"]
[EventDate "2019.07.05"]
[EventType "swiss"]
[EventCountry "BRA"]
[SourceTitle "playchess.com"]
[Source "ChessBase"]
[SourceQuality "1"]
[TimeControl "40/5400+30:1800+30"]

1. e4 e5 2. Nf3 Nc6 3. d4 exd4 4. Nxd4 Bc5 5. Be3 Qf6 6. c3 Nge7 7. Bc4 Ne5 8. Be2 d6 9. O-O Qg6 10. f3 O-O 11. Nd2 d5 12. Rf2 Bb6 13. Qc2 dxe4 14. Qxe4 Qxe4 15. fxe4 N7c6 16. Nf1 a6 17. Nxc6 bxc6 18. Bd4 f6 19. Ne3 Be6 20. Kf1 a5 21. Ke1 Rad8 22. Nc2 Rfe8 23. b3 Bf7 24. Rd1 Bg6 25. Rf4 Nf7 26. Bf3 Ng5 27. Bxb6 Rxd1+ 28. Kxd1 cxb6 29. Nd4 Nxe4 30. Nxc6 Nxc3+ 31. Kd2 Ne4+ 32. Kd3 Ng5+ 33. Kd2 Nxf3+ 34. gxf3 Re6 35. Rc4 Rd6+ 36. Nd4 Be8 37. Ke3 Bd7 38. a3 Kf7 39. b4 axb4 40. axb4 g5 41. Rc7 Kg6 42. Rb7 f5 43. Rb8 Kf6 44. Ne2 f4+ 45. Kf2 Ke5 46. Rb7 h6 47. Rb8 Kd5 48. Nc3+ Kc4 49. Ne4 Re6 50. h4 gxh4 51. Rf8 Bc6 52. Rxf4 Bxe4 53. fxe4 Kxb4 54. Ke3 Kc3 55. Rf5 h3 56. Rh5 h2 57. Rxh2 b5 58. Kf4 b4 59. Kf5 Rb6 60. Rh3+ Kc4 61. e5 b3 62. Rh4+ Kc3 63. Rh3+ Kd4 64. Rh4+ Kd5 65. Rh1 b2 66. Rb1 Rb3 67. e6 Kd6 68. Kf6 Rf3+ 69. Kg6 Rf2 70. Re1 Ke7 71. Kxh6 Rc2 0-1

[Event "XIV American Continental-ch 2019"]
[Site "Sao Paulo"]
[Date "2019.07.09"]
[Round "6.6"]
[White "Mekhitarian, Krikor Sevag"]
[Black "Matsuura, Everaldo"]
[Result "1/2-1/2"]
[ECO "D45"]
[WhiteElo "2545"]
[BlackElo "2459"]
[Annotator "ChessBase"]
[PlyCount "53"]
[EventDate "2019.07.05"]
[EventType "swiss"]
[EventCountry "BRA"]
[SourceTitle "playchess.com"]
[Source "ChessBase"]
[SourceQuality "1"]
[TimeControl "40/5400+30:1800+30"]

1. c4 c6 2. Nf3 d5 3. e3 Nf6 4. Nc3 a6 5. d4 e6 6. b3 Bb4 7. Bd2 Nbd7 8. Bd3 O-O 9. O-O Bd6 10. Rc1 e5 11. cxd5 cxd5 12. e4 dxe4 13. Nxe4 Nxe4 14. Bxe4 Nf6 15. Bg5 exd4 16. Bb1 Be7 17. Qd3 g6 18. Qxd4 Qxd4 19. Nxd4 Nd5 20. Bxe7 Nxe7 21. Rfe1 Nd5 22. Be4 Nf6 23. Bf3 Rd8 24. Nc2 Rb8 25. Ne3 Be6 26. Rc7 Rd2 27. Re2 1/2-1/2

[Event "XIV American Continental-ch 2019"]
[Site "Sao Paulo"]
[Date "2019.07.09"]
[Round "6.7"]
[White "Umetsubo, Cesar Hidemitsu"]
[Black "Krysa, Leandro"]
[Result "0-1"]
[ECO "D00"]
[WhiteElo "2406"]
[BlackElo "2517"]
[Annotator "ChessBase"]
[PlyCount "82"]
[EventDate "2019.07.05"]
[EventType "swiss"]
[EventCountry "BRA"]
[SourceTitle "playchess.com"]
[Source "ChessBase"]
[SourceQuality "1"]
[TimeControl "40/5400+30:1800+30"]

1. d4 d5 2. Bf4 Nf6 3. e3 e6 4. Nf3 c5 5. Nbd2 Nc6 6. c3 Nh5 7. Bg5 f6 8. Bh4 g6 9. Bd3 cxd4 10. cxd4 Be7 11. Qb3 O-O 12. O-O Na5 13. Qc2 Bd7 14. Rac1 b5 15. Qc7 Nc4 16. Qxd8 Rfxd8 17. b3 Nxd2 18. Nxd2 g5 19. g4 gxh4 20. gxh5 Rac8 21. f4 Kg7 22. Kf2 Kh6 23. Nf3 h3 24. Rxc8 Rxc8 25. Rg1 Bd6 26. Ke2 a5 27. f5 a4 28. fxe6 Bxe6 29. Nh4 Bxh2 30. Rh1 Bg4+ 31. Kd2 Kxh5 32. Nf5 Bc7 33. b4 h2 34. Ne7 Rd8 35. Bxb5 Kh4 36. Be2 Rd7 37. Ng8 Bxe2 38. Kxe2 Rg7 39. Nxf6 Rg1 40. Rxh2+ Bxh2 41. Nxd5 Rg2+ 0-1

[Event "XIV American Continental-ch 2019"]
[Site "Sao Paulo"]
[Date "2019.07.09"]
[Round "6.8"]
[White "Hernandez Sanchez, Jairo Andres"]
[Black "Di Berardino, Diego Rafael"]
[Result "1-0"]
[ECO "B51"]
[WhiteElo "2387"]
[BlackElo "2506"]
[Annotator "ChessBase"]
[PlyCount "63"]
[EventDate "2019.07.05"]
[EventType "swiss"]
[EventCountry "BRA"]
[SourceTitle "playchess.com"]
[Source "ChessBase"]
[SourceQuality "1"]
[TimeControl "40/5400+30:1800+30"]

1. e4 c5 2. Nf3 d6 3. Bb5+ Nd7 4. c3 Ngf6 5. Qe2 a6 6. Ba4 b5 7. Bc2 Bb7 8. a4 e6 9. O-O Be7 10. d4 O-O 11. Nbd2 Qc7 12. e5 dxe5 13. dxe5 Nd5 14. Re1 Nf4 15. Qe3 Ng6 16. c4 b4 17. h4 Rfd8 18. h5 Ngf8 19. h6 g6 20. b3 f5 21. exf6 Nxf6 22. Ne5 N6d7 23. Bb2 Nxe5 24. Bxe5 Bd6 25. Bxd6 Rxd6 26. Be4 Rad8 27. Ra2 Bc8 28. Nf3 a5 29. Rae2 Nd7 30. Qg5 Nf8 31. Ne5 Bd7 32. Qe7 1-0

[Event "XIV American Continental-ch 2019"]
[Site "Sao Paulo"]
[Date "2019.07.09"]
[Round "6.9"]
[White "Salinas Herrera, Pablo"]
[Black "Escalante Ramirez, Brian Sebasti"]
[Result "1-0"]
[ECO "D02"]
[WhiteElo "2498"]
[BlackElo "2447"]
[Annotator "ChessBase"]
[PlyCount "73"]
[EventDate "2019.07.05"]
[EventType "swiss"]
[EventCountry "BRA"]
[SourceTitle "playchess.com"]
[Source "ChessBase"]
[SourceQuality "1"]
[TimeControl "40/5400+30:1800+30"]

1. d4 Nf6 2. Nf3 d5 3. Bf4 c5 4. e3 Nc6 5. Nbd2 e6 6. c3 cxd4 7. exd4 Nh5 8. Be3 Bd6 9. g3 O-O 10. Bd3 f5 11. Ne5 Nf6 12. Bf4 Ne4 13. Ndf3 Qc7 14. Qc1 Bd7 15. Be2 Be8 16. Nd3 Bh5 17. O-O h6 18. Re1 Bxf3 19. Bxf3 Bxf4 20. Nxf4 Rf6 21. Bg2 g5 22. Nd3 Raf8 23. f3 Nd6 24. Re2 f4 25. gxf4 gxf4 26. Bh3 Nf5 27. Bxf5 Rxf5 28. Kh1 Qf7 29. Qe1 Re8 30. Qh4 Kh7 31. Rg1 Rh5 32. Qe1 Qf5 33. Qd2 Rh3 34. Ne5 Ne7 35. Reg2 Rg8 36. Rxg8 Nxg8 37. Qg2 1-0

[Event "XIV American Continental-ch 2019"]
[Site "Sao Paulo"]
[Date "2019.07.09"]
[Round "6.10"]
[White "Mieles Palau, Daniel"]
[Black "Hambleton, Aman"]
[Result "1-0"]
[ECO "A21"]
[WhiteElo "2359"]
[BlackElo "2487"]
[Annotator "ChessBase"]
[PlyCount "131"]
[EventDate "2019.07.05"]
[EventType "swiss"]
[EventCountry "BRA"]
[SourceTitle "playchess.com"]
[Source "ChessBase"]
[SourceQuality "1"]
[TimeControl "40/5400+30:1800+30"]

1. c4 e5 2. Nc3 Bb4 3. Nd5 Bc5 4. e3 Nf6 5. Nxf6+ Qxf6 6. Ne2 Qe7 7. a3 Bb6 8. d4 d6 9. b4 c6 10. Bb2 O-O 11. dxe5 dxe5 12. c5 Bc7 13. Qc2 f5 14. Ng3 f4 15. Bd3 h6 16. exf4 exf4+ 17. Kf1 fxg3 18. Re1 Qg5 19. hxg3 Nd7 20. Bc4+ Kh8 21. Bc1 Qf5 22. Qxf5 Rxf5 23. Re7 Rf6 24. Bg5 Bd8 25. Re8+ Rf8 26. Rxd8 Rxd8 27. Bxd8 Ne5 28. Be2 Bg4 29. Bxg4 Rxd8 30. Be2 Rd2 31. Rh5 Nd7 32. Rf5 Ra2 33. Bf3 Rxa3 34. Rf7 Ne5 35. Rf8+ Kh7 36. Be4+ g6 37. Rb8 Kg7 38. Rxb7+ Kf6 39. f4 Nc4 40. Bxc6 Ra2 41. Bf3 Ne3+ 42. Ke1 g5 43. c6 g4 44. Be4 Ra1+ 45. Ke2 Nf1 46. Bd5 Nxg3+ 47. Kd2 Nf1+ 48. Kc2 Ne3+ 49. Kb2 Rd1 50. c7 Rd2+ 51. Kb3 Rd3+ 52. Ka4 Rc3 53. Be4 Nc4 54. b5 Nd6 55. Rxa7 Nxe4 56. b6 Nd6 57. Ra8 Rc4+ 58. Ka5 Ke7 59. Rh8 Nb7+ 60. Ka6 Nd6 61. Rh7+ Ke8 62. b7 Rc6+ 63. Ka7 Nb5+ 64. Kb8 Nxc7 65. Rxc7 Rd6 66. Ka7 1-0

[Event "XIV American Continental-ch 2019"]
[Site "Sao Paulo"]
[Date "2019.07.09"]
[Round "6.11"]
[White "Molina, Roberto Junio Brito"]
[Black "Sarkar, Justin"]
[Result "1/2-1/2"]
[ECO "A33"]
[WhiteElo "2464"]
[BlackElo "2389"]
[Annotator "ChessBase"]
[PlyCount "158"]
[EventDate "2019.07.05"]
[EventType "swiss"]
[EventCountry "BRA"]
[SourceTitle "playchess.com"]
[Source "ChessBase"]
[SourceQuality "1"]
[TimeControl "40/5400+30:1800+30"]

1. Nf3 Nf6 2. c4 c5 3. Nc3 Nc6 4. d4 cxd4 5. Nxd4 e6 6. a3 Bc5 7. e3 O-O 8. Be2 d5 9. cxd5 exd5 10. Nxc6 bxc6 11. O-O Bd6 12. b4 a5 13. b5 Be5 14. Bd2 cxb5 15. f4 Bxc3 16. Bxc3 Ne4 17. Bd4 Ba6 18. Bd3 Qe7 19. Qe2 Qb7 20. Rfb1 Rfb8 21. Be5 Rc8 22. Bxb5 Bxb5 23. Rxb5 Qa6 24. Qb2 f6 25. Bd4 Nc3 26. Bxc3 Rxc3 27. Qxc3 Qxb5 28. Rd1 a4 29. Qd4 Rc8 30. Qxd5+ Qxd5 31. Rxd5 Rc3 32. Kf2 Rxa3 33. Ra5 Kf7 34. Ra7+ Kg6 35. h3 h5 36. g4 Ra2+ 37. Kf3 Rh2 38. gxh5+ Kh6 39. Kg4 Re2 40. Ra8 Kh7 41. Kf3 Rh2 42. e4 Rxh3+ 43. Kg4 Re3 44. Rxa4 g6 45. Ra7+ Kh6 46. hxg6 Kxg6 47. f5+ Kh6 48. Kf4 Rb3 49. Rf7 Rb6 50. Ke3 Ra6 51. Re7 Ra4 52. Kf3 Rb4 53. Kf4 Ra4 54. Rf7 Ra6 55. Kg4 Rb6 56. Ra7 Rc6 57. Kf4 Rb6 58. Ke3 Rb3+ 59. Kf4 Rb6 60. Kg4 Rb4 61. Re7 Rb1 62. Rf7 Rb6 63. Rf8 Kg7 64. Re8 Rb1 65. Re7+ Kh6 66. Rc7 Rg1+ 67. Kf4 Rf1+ 68. Ke3 Re1+ 69. Kf3 Rf1+ 70. Ke2 Ra1 71. Ke3 Re1+ 72. Kd4 Rd1+ 73. Kc5 Kg5 74. Rc6 Kf4 75. Re6 Rd2 76. Kc6 Rd4 77. Rxf6 Kxe4 78. Rd6 Rxd6+ 79. Kxd6 Kxf5 1/2-1/2

[Event "XIV American Continental-ch 2019"]
[Site "Sao Paulo"]
[Date "2019.07.09"]
[Round "6.12"]
[White "Delgado Ramirez, Neuris"]
[Black "Fernandez Reyes, Lisandro"]
[Result "1-0"]
[ECO "B02"]
[WhiteElo "2605"]
[BlackElo "2378"]
[Annotator "RC"]
[PlyCount "97"]
[EventDate "2019.07.05"]
[EventType "swiss"]
[EventCountry "BRA"]
[SourceTitle "playchess.com"]
[Source "ChessBase"]
[SourceQuality "1"]
[TimeControl "40/5400+30:1800+30"]

1. e4 Nf6 2. Nc3 d5 3. e5 Nfd7 4. d4 Nb6 5. Be3 Nc6 6. a3 g6 7. Qd2 Bf5 8. Bb5 Qd7 9. Na4 Nxa4 10. Bxa4 a6 11. Ne2 Bg7 12. O-O O-O 13. Nf4 Rad8 14. Rad1 Qe8 15. Bb3 e6 16. f3 h5 17. Ne2 f6 18. exf6 Bxf6 19. Rfe1 Qf7 20. Ba4 Ne7 21. Bh6 h4 22. Bxf8 Rxf8 23. c3 g5 24. Bc2 Bxc2 25. Qxc2 h3 26. g3 Bg7 27. f4 Nf5 28. Qd3 Nd6 29. Rf1 g4 30. Nc1 c5 31. dxc5 Ne4 32. Qe2 Qf5 33. Nd3 Rc8 34. Ne5 Rxc5 35. Nxg4 Rb5 36. Nf2 Nd6 37. Rfe1 Nc4 38. Nd3 Rb6 39. Qf2 d4 40. cxd4 Rb3 41. Ne5 Nxb2 42. Rd2 Na4 43. g4 Qf8 44. f5 Bh6 45. f6 Qxa3 46. f7+ Kg7 47. Ra2 Be3 48. Rxe3 Rb1+ 49. Re1 1-0